 Dungeon Crawl Stone Soup version 0.24.1-8-ga250c9d538 (webtiles) character file.

Game seed: 17535070607661953327, levelgen mode: deterministic

1204 Hugehornet the Carver (level 8, -3/58 HPs)
             Began as a Formicid Fighter on May 5, 2020.
             Was a Believer of Okawaru.
             Slain by a gnoll
             ... wielding a +0 halberd
              (4 damage)
             ... on level 7 of the Dungeon.
             The game lasted 00:16:08 (6799 turns).

Hugehornet the Carver (Formicid Fighter)            Turns: 6799, Time: 00:16:08

Health: -3/58      AC:  6    Str: 23    XL:     8   Next: 73%
Magic:  8/8        EV:  8    Int:  8    God:    Okawaru [**....]
Gold:   314        SH: 14    Dex: 10    Spells: 7/7 levels left

rFire    . . .     SeeInvis +   a - +1 long sword
rCold    . . .     Gourm    .   c - +1 shield
rNeg     . . .     Faith    .   b - +0 scale mail
rPois    +         Spirit   .   (helmet unavailable)
rElec    .         Reflect  +   (no cloak)
rCorr    .         Harm     .   (no gloves)
MR       .....                  (no boots)
Stlth    ..........             u - +4 amulet of reflection
HPRegen  0.19/turn              k - ring of poison resistance
MPRegen  0.11/turn              h - ring of teleportation (curse)

@: no status effects
A: permanent stasis, dig shafts and tunnels, four strong arms, antennae 3, claws
1, hooves 1, MP-powered wands
a: Dig, Shaft Self, Heroism, Renounce Religion


You were on level 7 of the Dungeon.
You worshipped Okawaru.
Okawaru was pleased with you.
You were not hungry.

You visited 1 branch of the dungeon, and saw 7 of its levels.
You also visited: Sewer.

You collected 314 gold pieces.

Inventory:

Hand Weapons
 a - a +1 long sword (weapon)
Armour
 b - a +0 scale mail (worn)
 c - a +1 shield (worn)
Jewellery
 g - an uncursed amulet of regeneration
 h - a cursed ring of teleportation (right claw)
 i - an uncursed amulet of harm
 k - a ring of poison resistance (left claw)
 p - an uncursed ring of positive energy
 u - a +4 amulet of reflection (around neck)
Wands
 t - a wand of acid (11)
Scrolls
 n - 2 scrolls of enchant weapon
 q - a scroll of amnesia {unknown}
 r - a scroll of identify
 s - a scroll of enchant armour
Potions
 d - 2 potions of might
 e - 2 potions of flight
 j - a potion of heal wounds {unknown}
 l - 2 potions of curing {unknown}
 m - a potion of resistance
 o - 3 potions of lignification
 v - a potion of haste
Comestibles
 f - 11 rations


   Skills:
 - Level 3.2 Fighting
 + Level 10.0 Long Blades
 - Level 3.2 Armour
 - Level 3.6 Shields


You had 7 spell levels left.
You didn't know any spells.
Your spell library contained the following spells:

 Spells                   Type           Power        Failure   Level  Hunger
 Animate Skeleton         Necr           N/A          98%         1    ##.....
 Apportation              Tloc           #.....       98%         1    ##.....
 Confusing Touch          Hex            #.....       98%         1    ##.....
 Summon Small Mammal      Summ           #...         98%         1    ##.....


Dungeon Overview and Level Annotations

Branches:
Dungeon (7/15)             Temple (0/1) D:4           Sewer (visited)

Altars:
Ashenzari
Cheibriados
Gozag
Makhleb
Okawaru
Qazlal
Sif Muna
Uskayaw
Wu Jian
Xom
Yredelemnul

Shops:
D:4 (   D:6 *


Innate Abilities, Weirdness & Mutations

You cannot be hasted, slowed, berserked, paralysed or teleported.
You can dig through walls and to a lower floor.
Your four strong arms can wield two-handed weapons with a shield.
You have a pair of large antennae on your head. (SInv)
You have sharp fingernails.
You have large cloven feet.
You expend magic power (3 MP) to strengthen your wands.


Message History

You kill the gnoll!
Okawaru accepts your kill.
The gnoll hits you from afar with a +0 halberd.
* * * LOW HITPOINT WARNING * * *
There is a stone staircase leading down here.
You see here a +0 spear.
You closely miss the gnoll. Your kick misses the gnoll.
You block the gnoll's attack.
You hit the gnoll. You kick the gnoll, but do no damage.
The gnoll is heavily wounded.
The gnoll hits you with a +0 halberd.
* * * LOW HITPOINT WARNING * * *
You barely miss the gnoll. Your kick misses the gnoll.
The gnoll is heavily wounded.
The gnoll hits you with a +0 halberd!
* * * LOW HITPOINT WARNING * * *
You hit the gnoll but do no damage. You kick the gnoll.
The gnoll is heavily wounded.
The gnoll hits you with a +0 halberd.
You die...

.#.##.#. . ......
##.# ##.#..#
.....##...(.####
.............+
#.##.#...#
#........#
#.##g##### #@# #)#
#+# #)# #.# #†#
#######.### #†#
#.........# #.#
#.####....#
#.######.###.....#
#.................
########.###......


You could see a gnoll.

Vanquished Creatures
  A necrophage (D:5)
  An ice beast (D:6)
  An ogre (D:5)
  A centaur (D:6)
  A big kobold (Sewer)
  A bullfrog (D:6)
  A gnoll sergeant (D:7)
  A scorpion (D:6)
  2 hounds
  4 orc wizards (D:3)
  A bullfrog skeleton (D:5)
  3 worker ants
  2 worker ant zombies (D:5)
  A howler monkey zombie (D:5)
  10 gnolls
  6 adders
  2 river rats (Sewer)
  A shadow imp (D:6)
  2 oozes
  A worm (D:2)
  A dart slug (D:1)
  9 leopard geckos
  8 orcs
  2 ball pythons (D:6)
  4 bats
  13 giant cockroaches
  2 gnoll zombies (D:5)
  3 goblins
  12 hobgoblins
  6 jackals
  2 quokkas
  7 frilled lizards
  2 jackal skeletons (D:4)
  12 kobolds
  12 rats
138 creatures vanquished.

Vanquished Creatures (others)
  2 kobolds (Sewer)
2 creatures vanquished.

Grand Total: 140 creatures vanquished

Notes
Turn   | Place    | Note
-------+----------+-------------------------------------------
     0 | D:1      | Hugehornet the Formicid Fighter began the quest for the
                  | Orb.
     0 | D:1      | Reached XP level 1. HP: 18/18 MP: 1/1
    89 | D:1      | Reached XP level 2. HP: 23/24 MP: 2/2
   195 | D:1      | Reached skill level 3 in Long Blades
   215 | D:1      | Reached XP level 3. HP: 24/29 MP: 3/3
  1012 | D:2      | Reached skill level 4 in Long Blades
  1012 | D:2      | Reached XP level 4. HP: 8/35 MP: 4/4
  2173 | D:3      | Reached XP level 5. HP: 4/41 MP: 5/5
  2174 | D:3      | HP: 3/61 [something (1)]
  2182 | D:3      | Gained mutation: You have large cloven feet. [potion of
                  | mutation]
  2182 | D:3      | Gained mutation: You expend magic power (3 MP) to
                  | strengthen your wands. [potion of mutation]
  2182 | D:3      | Gained mutation: Your muscles are strong. (Str +2) [potion
                  | of mutation]
  2215 | D:3      | Reached skill level 5 in Long Blades
  3007 | D:3      | Found an iron altar of Okawaru.
  3007 | D:3      | Found a faded altar of an unknown god.
  3012 | D:3      | Found a faded altar of an unknown god.
  3014 | D:3      | Found a burning altar of Makhleb.
  3015 | D:3      | Found a snail-covered altar of Cheibriados.
  3173 | D:3      | Became a worshipper of Warmaster Okawaru
  3344 | D:3      | Found a shimmering blue altar of Sif Muna.
  3395 | D:4      | Found a hide-covered altar of Uskayaw.
  3450 | D:4      | Found a staircase to the Ecumenical Temple.
  3479 | D:4      | Reached XP level 6. HP: 43/47 MP: 6/6
  3511 | D:4      | Reached skill level 6 in Long Blades
  4093 | D:4      | Found a stormy altar of Qazlal.
  4093 | D:4      | Noticed a water elemental
  4095 | D:4      | Noticed an air elemental
  4095 | D:4      | Noticed a fire elemental
  4129 | D:4      | Found Rapny's Weapon Emporium.
  4196 | D:4      | Found an ornate altar of the Wu Jian Council.
  4482 | D:4      | Reached * piety under Okawaru
  4594 | D:3      | Reached XP level 7. HP: 42/52 MP: 7/7
  4595 | D:3      | Identified Sif Muna's Handbook of Dislocation
  4690 | D:5      | Entered Level 5 of the Dungeon
  4711 | D:5      | Found the +8 longbow "Zephyr" {speed, Dex+3 SInv}
  4719 | D:5      | Reached skill level 7 in Long Blades
  4784 | D:5      | Found a glowing drain.
  4800 | Sewer    | Entered a sewer
  4823 | Sewer    | Reached skill level 8 in Long Blades
  5063 | Sewer    | Found a white marble altar of Elyvilon.
  5188 | D:5      | Found a shattered altar of Ashenzari.
  5457 | D:5      | Reached XP level 8. HP: 55/58 MP: 8/8
  5625 | D:5      | Found a basalt altar of Yredelemnul.
  5719 | D:6      | Reached ** piety under Okawaru
  6017 | D:6      | Reached skill level 9 in Long Blades
  6078 | D:6      | Lost mutation: Your muscles are strong. (Str +2) [potion of
                  | mutation]
  6078 | D:6      | Lost mutation: You expend magic power (3 MP) to strengthen
                  | your wands. [potion of mutation]
  6078 | D:6      | Gained mutation: You expend magic power (3 MP) to
                  | strengthen your wands. [potion of mutation]
  6078 | D:6      | Gained mutation: You have sharp fingernails. [potion of
                  | mutation]
  6097 | D:6      | Found an opulent altar of Gozag.
  6100 | D:6      | Found Gozag's Platinum Reserve.
  6322 | D:6      | Found a shimmering altar of Xom.
  6785 | D:7      | Reached skill level 10 in Long Blades
  6798 | D:7      | HP: 1/58 [gnoll/+0 halberd (10)]
  6799 | D:7      | Slain by a gnoll

Levels and vault maps discovered:
D:1:      nagdon_arrival_double_spiral, layout_basic, minmay_misc_feat_rows,
          hex_medium, chequers_serial_rivers_large_b
D:2:      layout_basic
D:3:      layout_basic, chequers_temple_overflow_minitemple, led_sif_book
D:4:      layout_loops_corners, overflow_temple_1_default, marbit_many_paths,
          minmay_temple_entry_overgrown, serial_shops, nicolae_shop_waterfront,
          nicolae_qazlal_style_of_elements
D:5:      layout_cave_pools, lemuel_zombie_altar_yredelemnul,
          gup_sewer_entry_pipe, first_ration, nicolae_ashenzari_panopticon
D:6:      layout_basic, nicolae_gozag_zags_fifth_avenue, xom_teletrap_fun
D:7:      layout_loops_corners, minmay_joined_circles

Skill      XL: |  1  2  3  4  5  6  7  8 |
---------------+-------------------------+-----
Long Blades    | 3 4 5 6 8 10 | 10.0
Fighting       | |  3.2
Armour         | |  3.2
Shields        | |  3.6

Action                   |  1- 3 |  4- 6 |  7- 9 || total
-------------------------+-------+-------+-------++-------
Melee: Long sword        |   136 |   217 |   191 ||   544
       Kick              |       |    27 |    56 ||    83
Invok: Heroism           |       |       |     1 ||     1
 Abil: Dig               |     3 |     1 |       ||     4
  Use: Potion            |       |     6 |     1 ||     7
       Scroll            |       |       |     8 ||     8
 Stab: Invisible         |       |     1 |       ||     1
  Eat: Chunk             |     1 |    11 |     5 ||    17
       Ration            |       |       |     1 ||     1
Armor: Scale mail        |    77 |    67 |    39 ||   183
       Skin              |       |    13 |       ||    13
Dodge: Dodged            |    47 |    53 |    49 ||   149
Block: Shield            |    65 |   112 |   131 ||   308
       Reflection        |       |     2 |     6 ||     8
       Rpst.: Long sword |    14 |    14 |    16 ||    44
